 Dungeon Crawl Stone Soup version 0.27-a0-1579-g97d2440184 (webtiles) character file.

Game seed: 6306961499136746402

80 gimp the Skirmisher (level 4, -3/37 HPs)
             Began as a Formicid Wanderer on July 17, 2021.
             Slain by a gnoll (11 damage)
             ... on level 2 of the Dungeon.
             The game lasted 00:03:09 (1949 turns).

gimp the Skirmisher (Formicid Wanderer)             Turns: 1949, Time: 00:03:09

Health: -3/37      AC:  8    Str: 18    XL:     4   Next: 65%
Magic:  5/5        EV:  9    Int: 13    God:
Gold:   68         SH:  0    Dex:  8    Spells: 4/5 levels left

rFire    . . .     SeeInvis +   g - +0 mace
rCold    . . .     Faith    .   (no shield)
rNeg     . . .     Spirit   .   c - +2 scale mail
rPois    .         Reflect  .   (helmet unavailable)
rElec    .         Harm     .   (no cloak)
rCorr    .         Rampage  .   (no gloves)
Will     .....                  (no boots)
Stlth    ..........             (no amulet)
HPRegen  0.12/turn              (no ring)
MPRegen  0.09/turn              (no ring)

@: no status effects
A: permanent stasis, dig shafts and tunnels, antennae 3, four strong arms
a: Dig, Shaft Self


You were on level 2 of the Dungeon.
You visited 1 branch of the dungeon, and saw 2 of its levels.

You collected 68 gold pieces.

Inventory:

Hand Weapons
 a - a +0 club
 d - a +0 dagger
 g - a +0 mace (weapon)
Armour
 c - a +2 scale mail (worn)
Scrolls
 b - a scroll of acquirement {unknown}
 e - a scroll of fog {unknown}


   Skills:
 + Level 3.8 Fighting
 + Level 3.2 Armour
 - Level 2.4 Stealth
 - Level 1.1 Spellcasting
 - Level 3.0 Fire Magic
 - Level 1.2 Earth Magic


You had 4 spell levels left.
You knew the following spells:

 Your Spells              Type           Power      Damage    Failure   Level
a - Sting                 Tmut/Pois      0%         1d3       65%         1

Your spell library contained the following spells:

 Spells                   Type           Power      Damage    Failure   Level
 Mephitic Cloud           Conj/Pois/Air  0%         N/A       95%         3


Dungeon Overview and Level Annotations

Branches:
Dungeon (2/15)

Altars:


Innate Abilities, Weirdness & Mutations

You cannot be hasted, slowed, berserked, paralysed or teleported.
You can dig through walls and to a lower floor.
You have a pair of large antennae on your head. (SInv)
Your four strong arms can wield two-handed weapons with a shield.


Message History

2 gnolls come into view.
Found a scroll labelled ZETUEDW TU HEKOC.
The gnoll shouts! x2; You hear a shout!
A gnoll comes into view. It is wielding a +0 whip.
The gnoll closely misses you.
You hit the gnoll.
The gnoll is moderately wounded.
The gnoll hits you with a +0 flail!
You take 7 damage, and have 30/37 hp.
You sock the gnoll!
The gnoll is almost dead.
The gnoll barely misses you.
You hit the gnoll but do no damage.
The gnoll is almost dead.
The gnoll hits you with a +0 flail.
An endoplasm comes into view.
The gnoll hits you with a +0 flail.
You take 7 damage, and have 23/37 hp.
You barely miss the gnoll.
The gnoll is almost dead.
The endoplasm quivers.
The gnoll closely misses you.
You barely miss the gnoll.
The gnoll is almost dead.
The gnoll hits you with a +0 flail! The gnoll hits you with a +0 flail.
* * * LOW HITPOINT WARNING * * *
You take 15 damage, and have 9/37 hp.
MASSIVE DAMAGE!!
You barely miss the gnoll.
The gnoll is almost dead.
The gnoll barely misses you.
The endoplasm jiggles.
The gnoll hits you with a +0 flail.
* * * LOW HITPOINT WARNING * * *
You take 4 damage, and have 7/37 hp.
You extend your mandibles.
You dig through the rock wall.
You retract your mandibles.
There is a stone staircase leading up here.
The gnoll hits you with a +0 flail!
You die...

#..## #........ #..#
#........
######..###........
##...##.............
##8.<.8##.##.##.#####
#)......#.##......#
#.<.8...'.#####.#...#
#...†.g.### #..###..
##8.@g8.## ###.## .
##...##J# #...#
######.# #.### #.#
#.# #{###.# #J.##.#
##g##.# #.##†# #.##.#


You could see 2 gnolls and an endoplasm.

Vanquished Creatures
  An adder (D:2)
  A gnoll (D:1)
  2 dart slugs (D:1)
  An endoplasm (D:1)
  2 giant cockroaches (D:1)
  6 goblins (D:1)
  5 hobgoblins (D:1)
  3 quokkas (D:1)
  9 ball pythons
  7 bats (D:1)
  2 frilled lizards (D:1)
  11 kobolds
  6 rats (D:1)
56 creatures vanquished.

Notes
Turn   | Place    | Note
-------+----------+-------------------------------------------
     0 | D:1      | gimp the Formicid Wanderer began the quest for the Orb.
     0 | D:1      | gimp set off with the following items: a +0 club, a potion
                  | of curing, a +2 scale mail, a +0 dagger; and the following
                  | spell memorised: Sting; and the following spells available
                  | to memorise: Mephitic Cloud
     0 | D:1      | Reached XP level 1. HP: 16/16 MP: 2/2
   238 | D:1      | Reached XP level 2. HP: 23/23 MP: 3/3
   550 | D:1      | Reached XP level 3. HP: 22/29 MP: 4/4
   574 | D:1      | HP: 1/29 [gnoll (4)]
  1166 | D:1      | Reached XP level 4. HP: 30/35 MP: 5/5
  1949 | D:2      | Slain by a gnoll

Illustrated notes

Levels and vault maps discovered:
D:1:      erik_arrival_cave_to_civilisation [erik_arrival_cave_to_temple],
          layout_loops_ring
D:2:      layout_rooms, serial_shops, shop_fountains, shop,
          nicolae_shop_behind_doors, grunt_ministairs_7, st_stairs_11,
          uniq_natasha, uniq_sigmund

Skill      XL: |  1  2  3  4 |
---------------+-------------+-----
Armour         | 2 3 |  3.2
Fighting       | 3 |  3.8
Stealth        | |  2.4
Spellcasting   | |  1.1
Fire Magic     | |  3.0
Earth Magic    | |  1.2

Action                   |  1- 3 |  4- 6 || total
-------------------------+-------+-------++-------
Melee: Dagger            |    49 |       ||    49
       Club              |    17 |       ||    17
       Mace              |    86 |   102 ||   188
 Abil: Dig               |       |     4 ||     4
  Use: Potion            |     2 |       ||     2
       Scroll            |       |     1 ||     1
 Stab: Invisible         |     2 |       ||     2
Armor: Scale mail        |    86 |    66 ||   152
Dodge: Dodged            |   106 |    74 ||   180

Table legend: (Time is in decaauts)
 A = Elapsed time spent in this place.
 B = Non-inter-level travel time spent in this place.
 C = Inter-level travel time spent in this place.
 D = Time resting spent in this place.
 E = Time spent auto-exploring this place.
 F = Levels seen in this place.
 G = Mean time per level.
                   A        B        C        D        E       F      G
               +--------+--------+--------+--------+--------+-----+--------+
         Total |   2028 |   1991 |     37 |      0 |   1449 |   2 | 1014.0 |
       Dungeon |   2028 |   1991 |     37 |      0 |   1449 |   2 | 1014.0 |
               +--------+--------+--------+--------+--------+-----+--------+

Top non-repeatable levels by time:
     D:1: 1830 daAuts
     D:2: 198 daAuts
